 Dungeon Crawl Stone Soup version 0.23.2-40-g277498a001 (webtiles) character file.

Game seed: 16411065171360989012

868 Exodus22XD the Conjurer (level 7, -4/36 HPs)
             Began as a Deep Elf Wizard on Aug 27, 2019.
             Was an Initiate of Ashenzari.
             Killed by nerve-wracking pain
             ... invoked by Grinder
              (11 damage)
             ... on level 6 of the Dungeon.
             The game lasted 00:34:57 (5383 turns).

Exodus22XD the Conjurer (Deep Elf Wizard)           Turns: 5383, Time: 00:34:57

Health: -4/36      AC:  5    Str:  4    XL:     7   Next: 73%
Magic:  2/15       EV: 13    Int: 25    God:    Ashenzari [......]
Gold:   354        SH:  0    Dex: 18    Spells: 3/14 levels left

rFire    . . .     SeeInvis .   l - +0 dagger (curse)
rCold    . . .     Gourm    .   (no shield)
rNeg     . . .     Faith    .   a - +0 robe (curse)
rPois    .         Spirit   .   b - +0 hat
rElec    .         Reflect  .   i - +1 cloak
rCorr    .         Harm     .   (no gloves)
MR       .....                  o - +0 pair of boots
Stlth    ++........             (no amulet)
HPRegen  0.12/turn              w - +5 ring of dexterity (curse)
MPRegen  0.14/turn              (no ring)

@: no status effects
A: no striking features
a: Curse Item, Renounce Religion


You were on level 6 of the Dungeon.
You worshipped Ashenzari.
Ashenzari was noncommittal.
You were not hungry.

You visited 1 branch of the dungeon, and saw 6 of its levels.

You collected 354 gold pieces.

Inventory:

Hand Weapons
 l - a cursed +0 dagger (weapon)
Armour
 a - a cursed +0 robe (worn)
 b - a +0 hat (worn)
 i - a +1 cloak (worn)
 o - a +0 pair of boots (worn)
Jewellery
 w - a cursed +5 ring of dexterity (left hand)
Wands
 k - a wand of random effects (21)
Scrolls
 c - 2 scrolls of magic mapping
 h - a scroll of amnesia
 m - 2 scrolls of enchant armour {unknown}
 n - a scroll of immolation {unknown}
 r - a scroll of noise {unknown}
 s - 5 scrolls of fog {unknown}
 t - a scroll of blinking {unknown}
 v - a scroll of vulnerability {unknown}
Potions
 f - 4 potions of curing
 p - 2 potions of invisibility
 q - a potion of lignification {unknown}
 u - a potion of might {unknown}
 x - a potion of ambrosia {unknown}
Comestibles
 d - 13 rations
 g - a chunk of flesh


   Skills:
 - Level 0.2 Short Blades
 - Level 2.4 Dodging
 - Level 2.4 Stealth
 * Level 4.4 Spellcasting
 - Level 5.8 Conjurations
 - Level 3.0 Summonings
 - Level 1.1 Translocations
 - Level 5.1 Fire Magic
 - Level 0.3 Air Magic
 - Level 4.2 Poison Magic


You had 3 spell levels left.
You knew the following spells:

 Your Spells              Type           Power        Failure   Level  Hunger
a - Magic Dart            Conj           ####         1%          1    None
b - Call Imp              Summ           ###.....     3%          2    None
c - Blink                 Tloc           N/A          9%          2    None
d - Conjure Flame         Conj/Fire      ####....     2%          3    ##.....
e - Mephitic Cloud        Conj/Pois/Air  ###.....     6%          3    ##.....

Your spell library contained the following spells:

 Spells                   Type           Power        Failure   Level  Hunger
 Slow                     Hex            #.......     13%         2    None


Dungeon Overview and Level Annotations

Branches:
Dungeon (6/15)
 Temple: D:4-7

Altars:
Ashenzari
Cheibriados
Dithmenos
Gozag
Hepliaklqana
Nemelex Xobeh
Okawaru
Trog
Vehumet
Wu Jian
Yredelemnul

Shops:
D:5 (   D:6 }

Annotations:
D:5 2 transporters, Alannah's ghost, novice GrFi
D:6 3 runed translucent doors, Grinder; Name63's ghost, novice GnWn


Message History

Anything else - Cancel.
Gang up on whom?
Press: ? - help, Dir - move target cursor, f/p - Grinder
Aim: Grinder (almost dead, slow) Attack!
Grinder rolls her eyes.
Grinder gestures at you.
Your crimson imp easily resists.
Your crimson imp hits Grinder but does no damage.
Grinder blinks!
Evoke which item? (* to show all) (? for menu, Esc to quit)
Aiming: Random Effects
Press: ? - help, Shift-Dir - straight line, f/p - Grinder
Aim: Grinder (almost dead, slow)
The bolt of poison hits Grinder.
Grinder is almost dead.
Your crimson imp blinks!
Grinder gestures at you. Pain shoots through your body!
You die...

#..#.##.## ... #.#
###.....#.## .. #..
.....#...##
.###.##.# #........#
........# #..#.#.#.#
..........#
#.........
#.#.......#
#.#####.##
.........# #.# #.#
#......@# #.# #.#
#.......# #.# #..
.###.....<.# #.# #.#
.....5...#.#######.#
#.#
####...5........#
#.. #.###ยง.....###
#.###......#
#.5...._...# #
......####.....## #


You could see Grinder and a friendly crimson imp.

Vanquished Creatures
  Sigmund (D:3)
  2 ogres
  2 bullfrogs (D:6)
  An orc priest (D:6)
  A bullfrog skeleton (D:6)
  2 worker ants
  A hound skeleton (D:5)
  A gnoll (D:2)
  2 adders (D:2)
  An ooze (D:5)
  An adder skeleton (D:6)
  A worm (D:5)
  A dart slug (D:1)
  3 leopard geckos
  5 orcs
  5 bats
  4 giant cockroaches (D:1)
  6 goblins
  14 hobgoblins
  2 jackals (D:6)
  A quokka (D:2)
  2 ball pythons
  5 frilled lizards
  5 kobolds
  A quokka skeleton (D:4)
  10 rats
  A spectral orc (D:3)
81 creatures vanquished.

Vanquished Creatures (collateral kills)
  2 bullfrogs (D:6)
  A crimson imp (D:6)
  A jelly (D:6)
  3 worker ants (D:4)
  2 adders
  2 gnolls (D:2)
  A worm (D:3)
  2 orcs (D:3)
  A hobgoblin (D:2)
  A jackal (D:6)
16 creatures vanquished.

Grand Total: 97 creatures vanquished

Notes
Turn   | Place    | Note
-------+----------+-------------------------------------------
     0 | D:1      | Exodus22XD the Deep Elf Wizard began the quest for the Orb.
     0 | D:1      | Reached XP level 1. HP: 10/10 MP: 7/7
   284 | D:1      | Reached XP level 2. HP: 3/15 MP: 3/9
   960 | D:1      | Reached XP level 3. HP: 19/19 MP: 3/10
  1316 | D:1      | Learned a level 2 spell: Call Imp
  1319 | D:1      | Learned a level 2 spell: Blink
  1327 | D:1      | Learned a level 3 spell: Conjure Flame
  1488 | D:2      | Reached XP level 4. HP: 23/24 MP: 0/12
  2345 | D:3      | Found a basalt altar of Yredelemnul.
  2553 | D:3      | Noticed Sigmund
  2559 | D:3      | Learned a level 3 spell: Mephitic Cloud
  2567 | D:3      | Killed Sigmund
  2567 | D:3      | Reached XP level 5. HP: 28/28 MP: 1/13
  2567 | D:3      | Reached XP level 6. HP: 32/32 MP: 1/14
  3308 | D:4      | Found a shadowy altar of Dithmenos.
  3325 | D:4      | Reached skill level 5 in Fire Magic
  3816 | D:5      | Entered Level 5 of the Dungeon
  3984 | D:5      | Found a shadowy altar of Dithmenos.
  3989 | D:5      | Found a radiant altar of Vehumet.
  3991 | D:5      | Found an ornate altar of the Wu Jian Council.
  3991 | D:5      | Found a shattered altar of Ashenzari.
  3991 | D:5      | Found a bloodstained altar of Trog.
  3993 | D:5      | Found a hazy altar of Hepliaklqana.
  3995 | D:5      | Found a snail-covered altar of Cheibriados.
  3996 | D:5      | Found a sparkling altar of Nemelex Xobeh.
  3999 | D:5      | Became a worshipper of Ashenzari the Shackled
  4057 | D:5      | Found Giamar's Weapon Shoppe.
  4073 | D:5      | Found an iron altar of Okawaru.
  4133 | D:5      | Found a transporter.
  4148 | D:5      | Noticed Alannah's ghost (novice GrFi)
  4149 | D:5      | Identified the ring "Ynatt" {rPois Dex+5}
  4257 | D:5      | Found a transporter.
  4426 | D:6      | Reached skill level 5 in Conjurations
  4426 | D:6      | Reached XP level 7. HP: 28/36 MP: 4/15
  4611 | D:6      | Found a runed translucent gate.
  4611 | D:6      | Found a runed translucent gate.
  4611 | D:6      | Found a runed translucent gate.
  4611 | D:6      | Found an opulent altar of Gozag.
  4612 | D:6      | Noticed Name63's ghost (novice GnWn)
  4622 | D:6      | Reached skill level 1 in Poison Magic
  4696 | D:6      | Found Lyuvval's Gadget Emporium.
  4790 | D:6      | Noticed Grinder
  4832 | D:6      | Paralysed by Grinder for 6 turns
  5232 | D:6      | Found a snail-covered altar of Cheibriados.
  5348 | D:6      | Paralysed by Grinder for 6 turns
  5364 | D:6      | Paralysed by Grinder for 7 turns
  5383 | D:6      | Killed from afar by Grinder

Skill      XL: |  1  2  3  4  5  6  7 |
---------------+----------------------+-----
Conjurations   | 2 3 4 5 |  5.8
Summonings     | 3 |  3.0
Fire Magic     | 3 5 |  5.1
Poison Magic   | 4 |  4.2
Short Blades   | |  0.2
Dodging        | |  2.4
Stealth        | |  2.4
Spellcasting   | |  4.4
Translocations | |  1.1
Air Magic      | |  0.3

Action                   |  1- 3 |  4- 6 |  7- 9 || total
-------------------------+-------+-------+-------++-------
Melee: Unarmed           |     4 |       |       ||     4
       Dagger            |       |     5 |     8 ||    13
 Cast: Magic Dart        |    99 |    94 |    60 ||   253
       Call Imp          |     1 |    11 |    14 ||    26
       Conjure Flame     |       |     5 |     4 ||     9
       Mephitic Cloud    |       |     2 |     3 ||     5
Invok: Curse Item        |       |     2 |     1 ||     3
Evoke: Wand              |       |       |     3 ||     3
  Use: Potion            |       |     1 |     1 ||     2
       Scroll            |       |     5 |     5 ||    10
 Stab: Sleeping          |       |       |     1 ||     1
  Eat: Chunk             |     2 |     7 |     5 ||    14
Armor: Robe              |     3 |     4 |     6 ||    13
Dodge: Dodged            |    18 |    24 |    17 ||    59
